 Dungeon Crawl Stone Soup version 0.23-b1-49-g13d5857 (webtiles) character file.

Game seed: 11952004389962320410

80 Kairos the Shield-Bearer (level 4, 24/24 HPs)
             Began as a Vine Stalker Fighter on Feb 3, 2019.
             Quit the game on level 2 of the Dungeon.
             The game lasted 00:01:52 (1423 turns).

Kairos the Shield-Bearer (Vine Stalker Fighter)     Turns: 1423, Time: 00:01:52

Health: 24/24      AC: 10    Str: 19    XL:     4   Next: 39%
Magic:  5/5        EV:  5    Int:  8    God:
Gold:   53         SH:  9    Dex: 14    Spells: 3/3 levels left

rFire    . . .     SeeInvis .   a - +0 war axe
rCold    . . .     Gourm    .   c - +0 shield
rNeg     . . .     Faith    .   j - +1 chain mail
rPois    .         Spirit   +   (no helmet)
rElec    .         Reflect  .   (no cloak)
rCorr    .         Harm     .   (no gloves)
MR       .....                  (no boots)
Stlth    ..........             (no amulet)
HPRegen  0.48/turn              (no ring)
MPRegen  0.09/turn              (no ring)

@: no status effects
A: fangs 2, regeneration 1, magic shield, antimagic bite, no potion heal 3, rot
immunity
a: no special abilities


You were on level 2 of the Dungeon.
You were very hungry.

You visited 1 branch of the dungeon, and saw 2 of its levels.

You collected 53 gold pieces.

Inventory:

Hand Weapons
 a - a +0 war axe (weapon)
Armour
 b - a +0 scale mail
 c - a +0 shield (worn)
 j - a +1 chain mail (worn)
Scrolls
 g - a scroll of remove curse
 h - a scroll of teleportation
Potions
 d - a potion of might
 e - 2 potions of curing
 i - 2 potions of agility {unknown}
 l - a potion of degeneration {unknown}
Comestibles
 f - 3 rations


   Skills:
 + Level 3.1 Fighting
 + Level 3.0 Axes
 + Level 2.7 Armour
 + Level 0.1 Dodging
 + Level 3.2 Shields


You had 3 spell levels left.
You didn't know any spells.
Your spell library was empty.

Dungeon Overview and Level Annotations

Branches:
Dungeon (2/15)

Altars:


Innate Abilities, Weirdness & Mutations

You have extremely sharp teeth.
Your natural rate of healing is unusually fast.
When hurt, damage is shared between your health and your magic reserves.
Your bite disrupts and absorbs the magic of your enemies.
Potions cannot restore your health.
You are immune to rotting.


Message History

No target in view!
Done exploring.
Done exploring.
Done exploring.
As you read the scroll labeled PERAOR KAKIPP, it crumbles to dust.
You feel blessed for a moment.
It was a scroll of remove curse.
As you read the scroll labeled QIRULISM GUFIXA, it crumbles to dust.
You feel strangely unstable.
It was a scroll of teleportation.
As you read the scroll labeled ADWOAH LUIPRUWK, it crumbles to dust.
You assume a fearsome visage.
Nothing appears to happen.
It was a scroll of fear.
As you read the scroll labeled INILIT KOFOD, it crumbles to dust.
It is a scroll of enchant armour.
Your +0 chain mail glows green for a moment.
Your surroundings suddenly seem different.
You are feeling very hungry.
As you read the scroll labeled ZOBUAR PITEJ, it crumbles to dust.
It is a scroll of identify.
e - 2 potions of curing Are you sure you want to abandon this character and quit the game? (Confirm with "yes".)

#..........###.....†..≈....[...##
#..........##...................#
#........(.##...................#
...........##...................'
...........##.....≈...≈...≈.....'
.#..####.####...................'
...## #.####...................#
...#####...##.............†.....#
.........#..##..@.....§........##
..######.....##...............##
#.## #####..##.............##
#..#########..###...........##
#÷.....#.......###.........##
.................##.......##
............<....##########
.................#.#
......<........#.#.######


There were no monsters in sight!

Vanquished Creatures
  3 adders (D:2)
  A leopard gecko (D:1)
  2 giant cockroaches (D:2)
  10 goblins
  8 hobgoblins
  A quokka (D:2)
  7 bats
  5 frilled lizards
  7 kobolds
  8 rats
52 creatures vanquished.

Notes
Turn   | Place    | Note
-------+----------+-------------------------------------------
     0 | D:1      | Kairos the Vine Stalker Fighter began the quest for the
                  | Orb.
     0 | D:1      | Reached XP level 1. HP: 11/11 MP: 2/2
    37 | D:1      | Reached XP level 2. HP: 16/16 MP: 3/3
   355 | D:1      | Reached XP level 3. HP: 15/19 MP: 2/4
  1123 | D:2      | Gained mutation: Your natural rate of healing is unusually
                  | fast. [Vine Stalker growth]
  1123 | D:2      | Reached XP level 4. HP: 23/24 MP: 5/5
  1423 | D:2      | Quit the game

Skill      XL: |  1  2  3  4 |
---------------+-------------+-----
Axes           | 2 3 |  3.0
Shields        | 3 |  3.2
Fighting       | 3 |  3.1
Armour         | |  2.7
Dodging        | |  0.1

Action                   |  1- 3 |  4- 6 || total
-------------------------+-------+-------++-------
Melee: War axe           |   114 |    37 ||   151
       Bite              |    19 |    10 ||    29
  Use: Scroll            |       |     5 ||     5
  Eat: Chunk             |       |     1 ||     1
Armor: Scale mail        |    21 |       ||    21
       Chain mail        |    62 |    34 ||    96
Dodge: Dodged            |    44 |    11 ||    55
Block: Shield            |    69 |    17 ||    86
